 Dungeon Crawl Stone Soup version 0.29-a0-1047-g7c58e119a4 (webtiles) character file.

Game seed: 17638062895965903040

212 greasedhog the Sneak (level 5, 0/29 HPs)
             Began as a Gargoyle Arcane Marksman on Aug 17, 2022.
             Was an Initiate of Okawaru.
             Slain by a hobgoblin (3 damage)
             ... on level 4 of the Dungeon.
             The game lasted 00:04:56 (4094 turns).

greasedhog the Sneak (Gargoyle Arcane Marksman)     Turns: 4094, Time: 00:04:56

Health: 0/29       AC:  6    Str: 14    XL:     5   Next: 90%
Magic:  5/6        EV: 12    Int: 13    God:    Okawaru [......]
Gold:   172        SH:  0    Dex: 12    Spells: 2/6 levels left

rFire   . . .      SeeInvis .   a - +1 sling
rCold   . . .      Faith    .   (no shield)
rNeg    + . .      Spirit   .   c - +0 robe
rPois   ∞          Reflect  .   (no helmet)
rElec   +          Harm     .   (no cloak)
rCorr   .          Rampage  .   (no gloves)
Will    .....                   (no boots)
Stlth   +++.......              (no amulet)
HPRegen 0.09/turn               (no ring)
MPRegen 0.10/turn               (no ring)

@: no status effects
A: sickness immunity, AC +4, negative energy resistance 1, electricity
resistance, torment resistance 1, petrification resistance
a: Renounce Religion


You were on level 4 of the Dungeon.
You worshipped Okawaru.
Okawaru was noncommittal.
You visited 1 branch of the dungeon, and saw 4 of its levels.

You collected 172 gold pieces.

Inventory:

Hand Weapons
 a - a +1 sling (weapon)
Missiles
 o - 2 throwing nets
Armour
 c - a +0 robe (worn)
 r - a +0 leather armour
Jewellery
 j - a +4 ring of protection
Wands
 l - a wand of digging (8)
Scrolls
 b - a scroll of poison
 e - 2 scrolls of teleportation {unknown}
 f - a scroll of fog {unknown}
 g - 4 scrolls of identify {unknown}
 i - a scroll of amnesia {unknown}
 k - 2 scrolls of immolation {unknown}
 p - a scroll of acquirement {unknown}
 s - a scroll of magic mapping {unknown}
Potions
 d - 2 potions of mutation {unknown}
 h - 3 potions of lignification {unknown}
 m - a potion of curing
 n - a potion of heal wounds {unknown}
 q - a potion of attraction {unknown}


   Skills:
 - Level 1.1 Fighting
 * Level 4.3 Ranged Weapons
 - Level 1.5 Dodging
 * Level 4.5 Stealth
 - Level 1.0 Spellcasting
 - Level 2.6 Hexes


You had 2 spell levels left.
You knew the following spells:

 Your Spells              Type           Power      Damage    Failure   Level
a - Slow                  Hex            28%        N/A       10%         1
b - Portal Projectile     Hex/Tloc       8%         N/A       43%         3

Your spell library contained the following spells:

 Spells                   Type           Power      Damage    Failure   Level
 Inner Flame              Hex/Fire       4%         N/A       43%         3
 Cause Fear               Hex            3%         N/A       67%         4


Dungeon Overview and Level Annotations

Branches:
Dungeon (4/15)
 Temple: D:4-7

Altars:
Okawaru

Shops:
D:2 :

Annotations:
D:1 2 transporters
D:3 3 runed translucent doors, siradein's ghost, amateur HOMo
D:4 Robin


Innate Abilities, Weirdness & Mutations

You are immune to sickness and miasma.
Your stone body is resilient. (AC +4)
You are immune to poison.
You resist negative energy. (rN+)
You are resistant to electric shocks. (rElec)
You are resistant to unholy torment.
You are immune to petrification.


Message History

You are too injured to fight recklessly!
You are too injured to fight recklessly!
You are too injured to fight recklessly!
You are too injured to fight recklessly!
You are too injured to fight recklessly!
You are too injured to fight recklessly!
You are too injured to fight recklessly!
The goblin attacks as you move away! The goblin hits you with a +0 dagger.
The goblin barely misses you.
Casting: Slow (safe; 10% risk of failure)
Confirm with . or Enter, or press ? or * to list all spells.
Aiming: Slow (safe; 10% risk of failure)
Press: ? - help, Shift-Dir - straight line, f/p - Robin
Aim: Robin, wielding a +0 mace, wearing a +0 animal skin and wearing a +0 helmet (severely wounded, chance to affect: 52%) Robin seems to slow down.
The goblin hits you but does no damage. The goblin misses you.
The hobgoblin hits you but does no damage.
Robin hits you with a +0 mace.
* * * LOW HITPOINT WARNING * * *
Fire: a) +1 sling
Press: ? - help, Q - select action, (/) - cycle Shift-Dir - straight line, f/p - Robin
Aim: Robin, wielding a +0 mace, wearing a +0 animal skin and wearing a +0 helmet (severely wounded, slow, 65% to hit)
You shoot a sling bullet. The sling bullet hits Robin.
Robin is severely wounded.
The goblin no longer looks unusually strong.
The goblin hits you but does no damage. x2
The hobgoblin hits you but does no damage.
Robin throws the goblin at you! The goblin hits you but does no damage.
The goblin hits you with a +0 dagger.
* * * LOW HITPOINT WARNING * * *
The hobgoblin misses you.
The air fills with toxic fumes!
As you read the scroll of poison, it crumbles to dust.
Robin closely misses you. The goblin hits you with a +0 dagger.
* * * LOW HITPOINT WARNING * * *
The hobgoblin hits you but does no damage.
The goblin hits you but does no damage. The hobgoblin attacks as you move away!
The hobgoblin closely misses you. The hobgoblin attacks as you move away!
The hobgoblin hits you.
You die...

... #....#.#.# #.#
#.... #.##.#.#.# #.#
§#§§§§#####§§§..†..#
#.#
.§.§.§§§§§§§§§.#.###
#..
#§.§§§§§§#§##.#.#
#.. .§.§§§§§§§##.#.#
#§#§§§§####.#.#
#§§§§§§####.#.#
#§g§@§§§§§§....
#§§gg§§####.#..
#§g..§§# #.#
#§#§##§# #§#§##.#
#.#§##.# ..§§....
..§§.... ##.#.##..#


You could see Robin (slow), a hobgoblin (strong) and 2 goblins.

Vanquished Creatures
  A scorpion (D:3)
  2 iguanas
  An orc wizard (D:2)
  A worm (D:3)
  A dart slug (D:1)
  7 orcs (D:3)
  3 endoplasms
  A giant cockroach (D:1)
  10 goblins
  5 hobgoblins
  4 jackals (D:1)
  6 kobolds
  A quokka (D:1)
  6 ball pythons
  A bat (D:3)
  5 frilled lizards
  5 rats
60 creatures vanquished.

Vanquished Creatures (others)
  A plant (D:4)
1 creature vanquished.

Grand Total: 61 creatures vanquished

Notes
Turn   | Place    | Note
-------+----------+-------------------------------------------
     0 | D:1      | greasedhog the Gargoyle Arcane Marksman began the quest for
                  | the Orb.
     0 | D:1      | Reached XP level 1. HP: 12/12 MP: 2/2
    64 | D:1      | Reached skill level 1 in Stealth
   177 | D:1      | Reached XP level 2. HP: 12/16 MP: 3/3
   885 | D:1      | Found a faded altar of an unknown god.
  1248 | D:2      | Reached XP level 3. HP: 20/20 MP: 4/4
  1264 | D:2      | Found an iron altar of Okawaru.
  1563 | D:2      | Became a worshipper of Warmaster Okawaru
  1712 | D:2      | Found Toowkot's Book Shoppe.
  1738 | D:2      | Learned a level 3 spell: Portal Projectile
  2038 | D:3      | Found a runed translucent gate.
  2060 | D:3      | Reached XP level 4. HP: 12/25 MP: 5/5
  3118 | D:3      | Found a runed translucent gate.
  3119 | D:3      | Found a runed translucent gate.
  3121 | D:3      | Noticed siradein's ghost (amateur HOMo)
  3587 | D:3      | Noticed a scorpion
  3621 | D:3      | Killed a scorpion
  3622 | D:3      | Reached XP level 5. HP: 20/29 MP: 3/6
  4058 | D:4      | Identified the +0 plate armour "Maoliam" {rCorr}
  4078 | D:4      | Noticed Robin
  4094 | D:4      | Slain by a hobgoblin

Illustrated notes

Levels and vault maps discovered:
D:1:      spicycebolla_arrival_transporter_tutorial, layout_loops_ring,
          dilly_ecumenical_altar_fadedgnrine
D:2:      layout_basic, serial_shops, nicolae_shop_window_shopping, basic_altar
D:3:      layout_loops_ring, gammafunk_ghost_necromancy
D:4:      layout_basic, mainiacjoe_overflow_alcove_2, tso_altar,
          mainiacjoe_overflow_chevrons, temple_hall, uniq_robin

Skill      XL: |  1  2  3  4 |
---------------+-------------+-----
Stealth        | 1 2 3 4 |  4.5
Ranged Weapons | 3 4 |  4.3
Fighting       | |  1.1
Dodging        | |  1.5
Spellcasting   | |  1.0
Hexes          | |  2.6

Action                   |  1- 3 |  4- 6 || total
-------------------------+-------+-------++-------
 Fire: Sling             |   144 |   135 ||   279
 Cast: Slow              |     4 |    19 ||    23
  Use: Scroll            |     1 |     2 ||     3
Armor: Robe              |    34 |    25 ||    59
Dodge: Dodged            |    65 |    70 ||   135

Table legend: (Time is in decaauts)
 A = Elapsed time spent in this place.
 B = Non-inter-level travel time spent in this place.
 C = Inter-level travel time spent in this place.
 D = Time resting spent in this place.
 E = Time spent auto-exploring this place.
 F = Levels seen in this place.
 G = Mean time per level.
                   A        B        C        D        E       F      G
               +--------+--------+--------+--------+--------+-----+--------+
         Total |   4163 |   4025 |    138 |    819 |   2638 |   4 | 1040.8 |
       Dungeon |   4163 |   4025 |    138 |    819 |   2638 |   4 | 1040.8 |
               +--------+--------+--------+--------+--------+-----+--------+

Top non-repeatable levels by time:
     D:3: 1600 daAuts
     D:1: 1268 daAuts
     D:2: 1200 daAuts
     D:4: 93 daAuts
